 Dungeon Crawl Stone Soup version 0.24-a0-784-g601f8f6d22 (webtiles) character file.

Game seed: 12231378532349428217, levelgen mode: deterministic

79 HumanIsDead the Sneak (level 4, 0/35 HPs)
             Began as a Human Monk on Oct 9, 2019.
             Succumbed to an adder's poison
             ... on level 2 of the Dungeon.
             The game lasted 00:10:33 (2076 turns).

HumanIsDead the Sneak (Human Monk)                  Turns: 2076, Time: 00:10:33

Health: 0/35       AC:  2    Str: 13    XL:     4   Next: 64%
Magic:  4/4        EV: 14    Int: 10    God:
Gold:   50         SH:  0    Dex: 15    Spells: 3/3 levels left

rFire    . . .     SeeInvis .   a - +0 spear
rCold    . . .     Gourm    .   (no shield)
rNeg     . . .     Faith    .   b - +0 robe
rPois    .         Spirit   .   (no helmet)
rElec    .         Reflect  .   (no cloak)
rCorr    .         Harm     .   (no gloves)
MR       .....                  (no boots)
Stlth    +++.......             (no amulet)
HPRegen  0.11/turn              (no ring)
MPRegen  0.09/turn              (no ring)

@: lethally poisoned (0 -> -2)
A: no striking features
a: no special abilities


You were on level 2 of the Dungeon.
You were completely stuffed.

You visited 1 branch of the dungeon, and saw 2 of its levels.

You collected 50 gold pieces.

Inventory:

Hand Weapons
 a - a +0 spear (weapon)
 e - a +0 short sword
 f - a +2 short sword of freezing
Missiles
 d - 34 stones (quivered)
Armour
 b - a +0 robe (worn)
 g - a +0 ring mail
Scrolls
 h - 2 scrolls of identify {unknown}
Comestibles
 c - a ration


   Skills:
 + Level 3.4 Fighting
 - Level 0.4 Short Blades
 - Level 3.0 Polearms
 + Level 3.4 Dodging
 - Level 4.0 Stealth


You had 3 spell levels left.
You didn't know any spells.
Your spell library was empty.

Dungeon Overview and Level Annotations

Branches:
Dungeon (2/15)

Altars:
Elyvilon
Wu Jian
Yredelemnul

Annotations:
D:2 Sigmund


Message History

You feel sick.
* * * LOW HITPOINT WARNING * * *
You feel sick.
* * * LOW HITPOINT WARNING * * *
You feel sick.
* * * LOW HITPOINT WARNING * * *
You feel sick.
* * * LOW HITPOINT WARNING * * *
You feel sick.
You eat one of the 4 rations.
That ration really hit the spot!
You eat one of the 3 rations.
That ration really hit the spot!
* * * LOW HITPOINT WARNING * * *
You feel sick.
You eat one of the 2 rations.
That ration really hit the spot!
* * * LOW HITPOINT WARNING * * *
You feel sick.
Unknown command.
* * * LOW HITPOINT WARNING * * *
You feel sick.
You die...

####..#########.....### ###
##....#########..##.## #.##
##.......##......##..#
#..###...................##
.......................###
.................<.....#
......#.........)..[...#
#.....#...[............#
#...............@......#
.....#)................#
#....#................##
.....#..#.....##.....##
#....#...###.#########
.....##...#..#
........#...###
.......<......##
.(....###...#..#


There were no monsters in sight!

Vanquished Creatures
  4 adders (D:2)
  An ooze (D:1)
  2 dart slugs
  2 giant cockroaches
  3 goblins
  6 hobgoblins
  7 kobolds
  A ball python (D:1)
  6 bats
  2 frilled lizards
  5 rats
39 creatures vanquished.

Notes
Turn   | Place    | Note
-------+----------+-------------------------------------------
     0 | D:1      | HumanIsDead the Human Monk began the quest for the Orb.
     0 | D:1      | Reached XP level 1. HP: 18/18 MP: 1/1
   222 | D:1      | Reached XP level 2. HP: 22/24 MP: 2/2
   286 | D:1      | Reached skill level 3 in Stealth
   513 | D:1      | Reached XP level 3. HP: 26/29 MP: 3/3
  1027 | D:2      | Reached skill level 4 in Stealth
  1053 | D:2      | Noticed Sigmund
  1169 | D:2      | Found a white marble altar of Elyvilon.
  1177 | D:2      | Reached XP level 4. HP: 26/35 MP: 4/4
  1759 | D:2      | Found an ornate altar of the Wu Jian Council.
  1763 | D:2      | Found a basalt altar of Yredelemnul.
  2069 | D:2      | HP: 1/35 [poisoned by an adder]
  2076 | D:2      | Succumbed to an adder's poison

Levels and vault maps discovered:
D:1:      lightli_arrival_statue_moat, layout_loops_cross, minmay_heptomino_h4
D:2:      layout_rooms, old_standard_altar, minitemple, uniq_sigmund

Skill      XL: |  1  2  3 |
---------------+----------+-----
Stealth        | 3 4 |  4.0
Fighting       | |  3.4
Short Blades   | |  0.4
Polearms       | |  3.0
Dodging        | |  3.4

Action                   |  1- 3 |  4- 6 || total
-------------------------+-------+-------++-------
Melee: Spear             |   111 |    61 ||   172
       Short sword       |     3 |       ||     3
 Stab: Sleeping          |    10 |     1 ||    11
  Eat: Chunk             |     1 |     3 ||     4
       Ration            |       |     3 ||     3
Armor: Robe              |    12 |     7 ||    19
Dodge: Dodged            |    56 |    32 ||    88

Table legend:
 A = Non-vault XP
 B = Vault XP
 C = Vault XP percentage of total XP
 D = Non-vault monster count
 E = Vault monster count
 F = Vault count percentage of total count
                 A         B        C        D         E       F
            +---------+---------+-------+---------+---------+-------
      Total |     109 |       5 |   4.4 |      34 |       5 |  12.8
            +---------+---------+-------+---------+---------+-------
        D:1 |      31 |       5 |  13.9 |      15 |       5 |  25.0
        D:2 |      78 |       0 |   0.0 |      19 |       0 |   0.0
            +---------+---------+-------+---------+---------+-------
